AoeStats
← [RZ] HardZeeiRa-BR

Arabia

508315190Analyzed
1v1 RM · 10d ago on Sep 21, 2026· 59m 2s· 2 players
Game mode
Random Map
Map size
Tiny (2 player)
Population
200
Speed
Normal
Resources
Standard
Victory
Conquest
Starting age
Dark Age
Ending age
Imperial Age
RankedLock teamsTeams togetherTeam positionsShared explorationLock speedFull tech treeHidden civsTurbo modeCheats
Victory
Defeat
🇧🇷 Lithuanians · Brazil
1154
+17
🇺🇸 Magyars · United States
1175
-17
[RZ] HardZeeiRa-BR
6:45 Loom
8:49 Feudal Age
13:09 Double-Bit Axe
13:09 Horse Collar
19:14 Wheelbarrow
22:07 Castle Age
20:02 Gold Mining
20:36 Forging
20:57 Scale Barding Armor
21:53 Bloodlines
24:44 Iron Casting
26:38 Husbandry
27:04 Fletching
28:49 Chain Barding Armor
30:30 Stone Mining
36:53 Bodkin Arrow
36:45 Elite Skirmisher
40:33 Ballistics
45:20 Imperial Age
44:43 Padded Archer Armor
46:47 Conscription
46:30 Tower Shields
48:27 Chemistry
48:00 Cavalier
52:07 Light Cavalry
Lopes
6:54 Loom
9:36 Feudal Age
14:11 Double-Bit Axe
20:10 Castle Age
18:21 Gold Mining
18:41 Horse Collar
21:11 Fletching
22:39 Husbandry
22:39 Bodkin Arrow
25:23 Padded Archer Armor
26:59 Leather Archer Armor
27:34 Ballistics
27:58 Bloodlines
31:37 Wheelbarrow
36:51 Bow Saw
37:23 Gold Shaft Mining
36:42 Stone Mining
42:41 Thumb Ring
51:16 Imperial Age
51:02 Light Cavalry
51:50 Hussar
Connection lost

Rejoining the realm…

Still unreachable

The connection could not be restored.

Session expired

The server has moved on; the page needs a fresh start.